[ PARTIDA AOE2 · #513818465 ]
UnrankedWei vs Incas
Equipo del jugador · VICT
Equipo rival · DERR
[ ANÁLISIS DE REPETICIÓN · EXTRAÍDO DE LA PARTIDA GRABADA ]
Feudal
8:32
Castillos
22:56
Imperial
—
| APM promedio | 89.6 |
| APM pico | 123 |
| eAPM promedio | 36.6 |
| Aldeanos / militares | 64 / 8 |
Foco
⚔️ 55.5% · 🌾 44.5%
Unknown (1952) ×20 · Unknown (1949) ×11 · Scout Cavalry ×8
Feudal
8:51
Castillos
21:38
Imperial
—
| APM promedio | 85.0 |
| APM pico | 159 |
| eAPM promedio | 37.8 |
| Aldeanos / militares | 58 / 32 |
Foco
⚔️ 47.8% · 🌾 52.2%
Unknown (2550) ×21 · Spearman ×15 · Skirmisher ×6 · Scorpion ×5 · Monk ×4 · Battering Ram ×2
Mapa de la partida
Recursos iniciales + cada clic de construcción. Líneas = muros · curvas = relieve. ◆ oro · ⬟ piedra · ● bayas · ✦ reliquia · ◌ hueco del cierre
Tu base· Abierta — hueco de 6t
Base de VIT Liereyy· Abierta — flanco sin cerrar
Terreno inicial suavizado · ◌ = hueco del cierre detectado · pasá el cursor para detalles
Inputs por minuto
— DS_Ciskhan - - VIT Liereyy
Build order — DS_Ciskhan
Primeras 150 de 206 acciones detectadas
| 0:00 | Encolar | Villager (Male) |
| 0:01 | Construir | House |
| 0:02 | Construir | House |
| 0:05 | Encolar | Villager (Male) |
| 0:05 | Encolar | Villager (Male) |
| 0:11 | Encolar | Villager (Male) |
| 0:11 | Encolar | Villager (Male) |
| 1:23 | Encolar | Villager (Male) |
| 1:54 | Construir | Lumber Camp |
| 2:07 | Encolar | Villager (Male) |
| 2:08 | Encolar | Villager (Male) |
| 2:15 | Construir | House |
| 2:49 | Encolar | Villager (Male) |
| 2:49 | Encolar | Villager (Male) |
| 3:09 | Encolar | Villager (Male) |
| 3:32 | Encolar | Villager (Male) |
| 3:47 | Construir | House |
| 3:48 | Construir | House |
| 4:02 | Encolar | Villager (Male) |
| 4:09 | Encolar | Villager (Male) |
| 4:09 | Encolar | Villager (Male) |
| 4:51 | Encolar | Villager (Male) |
| 4:52 | Encolar | Villager (Male) |
| 4:52 | Encolar | Villager (Male) |
| 4:53 | Construir | Mill |
| 5:43 | Investigar | Loom |
| 6:22 | Investigar | Feudal Age |
| 7:15 | Construir | Barracks |
| 8:13 | Encolar | Villager (Male) |
| 8:32 | Edad | Edad Feudal |
| 8:33 | Construir | Stable |
| 8:36 | Investigar | Double-Bit Axe |
| 8:38 | Encolar | Villager (Male) |
| 9:07 | Construir | House |
| 9:08 | Construir | Palisade Wall |
| 9:12 | Encolar | Villager (Male) |
| 9:14 | Investigar | Horse Collar |
| 9:17 | Encolar | Scout Cavalry |
| 9:19 | Encolar | Villager (Male) |
| 9:20 | Construir | Farm |
| 9:27 | Construir | House |
| 9:27 | Construir | Palisade Wall |
| 9:29 | Encolar | Villager (Male) |
| 9:31 | Construir | Palisade Wall |
| 9:32 | Construir | Palisade Wall |
| 9:41 | Encolar | Scout Cavalry |
| 9:42 | Encolar | Scout Cavalry |
| 9:46 | Construir | Palisade Wall |
| 9:46 | Construir | Palisade Wall |
| 9:47 | Construir | Palisade Wall |
| 9:53 | Construir | Palisade Wall |
| 9:59 | Construir | Farm |
| 10:11 | Construir | House |
| 10:22 | Construir | Palisade Gate |
| 10:26 | Encolar | Scout Cavalry |
| 10:43 | Encolar | Villager (Male) |
| 10:51 | Construir | Farm |
| 10:54 | Construir | Farm |
| 11:02 | Construir | Palisade Wall |
| 11:07 | Encolar | Villager (Male) |
| 11:25 | Construir | Farm |
| 11:27 | Construir | Farm |
| 11:29 | Encolar | Villager (Male) |
| 11:31 | Construir | House |
| 11:41 | Encolar | Villager (Male) |
| 11:43 | Construir | Palisade Wall |
| 11:59 | Encolar | Scout Cavalry |
| 12:08 | Construir | Palisade Wall |
| 12:10 | Encolar | Villager (Male) |
| 12:13 | Construir | Watch Tower |
| 12:24 | Encolar | Scout Cavalry |
| 12:36 | Construir | Farm |
| 12:38 | Construir | Farm |
| 12:41 | Construir | Palisade Wall |
| 12:42 | Encolar | Villager (Male) |
| 13:04 | Construir | Mining Camp |
| 13:07 | Encolar | Villager (Male) |
| 13:17 | Construir | House |
| 13:20 | Construir | Palisade Wall |
| 13:26 | Encolar | Scout Cavalry |
| 13:35 | Construir | Farm |
| 13:36 | Encolar | Villager (Male) |
| 13:39 | Construir | House |
| 14:18 | Encolar | Villager (Male) |
| 14:19 | Encolar | Scout Cavalry |
| 14:21 | Construir | House |
| 14:27 | Construir | Farm |
| 14:27 | Construir | Farm |
| 14:28 | Construir | Farm |
| 14:36 | Construir | Watch Tower |
| 14:39 | Encolar | Villager (Male) |
| 14:39 | Encolar | Villager (Male) |
| 14:43 | Encolar | Villager (Male) |
| 15:07 | Investigar | Horse Collar |
| 15:08 | Encolar | Villager (Male) |
| 15:30 | Construir | Farm |
| 15:38 | Encolar | Villager (Male) |
| 15:43 | Encolar | Villager (Male) |
| 15:47 | Encolar | Villager (Male) |
| 15:51 | Construir | Farm |
| 16:05 | Construir | Watch Tower |
| 16:08 | Encolar | Villager (Male) |
| 16:21 | Encolar | Villager (Male) |
| 16:24 | Construir | Farm |
| 17:04 | Encolar | Villager (Male) |
| 17:07 | Construir | Mining Camp |
| 17:09 | Encolar | Villager (Male) |
| 17:19 | Construir | Lumber Camp |
| 17:35 | Encolar | Villager (Male) |
| 17:45 | Construir | Lumber Camp |
| 17:51 | Construir | Stone Wall |
| 17:53 | Encolar | Villager (Male) |
| 18:10 | Investigar | Wheelbarrow |
| 18:25 | Construir | Gate |
| 19:02 | Encolar | Villager (Male) |
| 19:06 | Construir | Market |
| 19:36 | Construir | Archery Range |
| 20:16 | Investigar | Castle Age |
| 20:31 | Construir | Archery Range |
| 20:56 | Investigar | Bloodlines |
| 21:13 | Construir | Farm |
| 21:14 | Construir | Farm |
| 21:15 | Construir | Farm |
| 21:17 | Construir | House |
| 21:27 | Investigar | Gold Mining |
| 21:48 | Construir | Blacksmith |
| 22:34 | Investigar | Fletching |
| 22:56 | Edad | Edad de los Castillos |
| 23:01 | Construir | Castle |
| 23:03 | Construir | House |
| 23:04 | Construir | Palisade Wall |
| 23:06 | Construir | Palisade Wall |
| 23:08 | Construir | Palisade Wall |
| 23:09 | Construir | Palisade Wall |
| 23:12 | Construir | Palisade Wall |
| 23:13 | Construir | Palisade Gate |
| 23:15 | Construir | House |
| 23:19 | Encolar | Villager (Male) |
| 23:21 | Construir | Palisade Wall |
| 23:24 | Encolar | Unit 1952 |
| 23:25 | Encolar | Unit 1952 |
| 23:26 | Encolar | Villager (Male) |
| 23:28 | Construir | House |
| 23:29 | Construir | Palisade Wall |
| 23:31 | Construir | House |
| 23:33 | Construir | House |
| 23:34 | Construir | House |
| 23:35 | Construir | House |
| 23:37 | Encolar | Villager (Male) |
| 23:39 | Construir | House |
Build order — VIT Liereyy
Primeras 150 de 228 acciones detectadas
| 0:00 | Encolar | Villager (Male) |
| 0:01 | Construir | House |
| 0:10 | Encolar | Villager (Male) |
| 0:10 | Encolar | Villager (Male) |
| 0:10 | Encolar | Villager (Male) |
| 1:27 | Encolar | Villager (Male) |
| 1:28 | Encolar | Villager (Male) |
| 1:52 | Encolar | Villager (Male) |
| 1:56 | Construir | Settlement |
| 2:16 | Encolar | Villager (Male) |
| 2:17 | Encolar | Villager (Male) |
| 2:49 | Encolar | Villager (Male) |
| 2:49 | Encolar | Villager (Male) |
| 3:18 | Encolar | Villager (Male) |
| 3:45 | Encolar | Villager (Male) |
| 3:45 | Encolar | Villager (Male) |
| 3:46 | Encolar | Villager (Male) |
| 4:19 | Encolar | Villager (Male) |
| 5:11 | Encolar | Villager (Male) |
| 5:17 | Construir | Barracks |
| 5:44 | Investigar | Loom |
| 6:16 | Encolar | Villager (Male) |
| 6:40 | Investigar | Feudal Age |
| 7:06 | Construir | Settlement |
| 7:11 | Encolar | Villager (Male) |
| 8:51 | Edad | Edad Feudal |
| 8:51 | Encolar | Spearman |
| 8:51 | Encolar | Spearman |
| 8:52 | Construir | Archery Range |
| 8:54 | Encolar | Villager (Male) |
| 8:55 | Investigar | Double-Bit Axe |
| 9:12 | Encolar | Villager (Male) |
| 9:29 | Encolar | Spearman |
| 9:34 | Encolar | Skirmisher |
| 9:34 | Encolar | Skirmisher |
| 9:47 | Encolar | Villager (Male) |
| 9:49 | Construir | Farm |
| 9:50 | Construir | Farm |
| 10:08 | Encolar | Skirmisher |
| 10:19 | Encolar | Villager (Male) |
| 10:22 | Encolar | Spearman |
| 10:36 | Construir | Farm |
| 10:38 | Encolar | Spearman |
| 10:43 | Encolar | Villager (Male) |
| 10:56 | Encolar | Skirmisher |
| 10:56 | Encolar | Spearman |
| 11:00 | Construir | Palisade Wall |
| 11:16 | Encolar | Villager (Male) |
| 11:21 | Encolar | Skirmisher |
| 11:24 | Construir | House |
| 11:26 | Construir | Farm |
| 11:31 | Encolar | Spearman |
| 11:37 | Construir | Palisade Wall |
| 11:38 | Construir | Palisade Wall |
| 11:38 | Construir | Palisade Wall |
| 11:39 | Construir | Palisade Wall |
| 11:53 | Encolar | Villager (Male) |
| 12:04 | Encolar | Skirmisher |
| 12:07 | Construir | Palisade Wall |
| 12:08 | Construir | Palisade Wall |
| 12:10 | Construir | Palisade Wall |
| 12:14 | Construir | Palisade Wall |
| 12:15 | Encolar | Villager (Male) |
| 12:23 | Construir | Farm |
| 12:25 | Encolar | Villager (Male) |
| 12:34 | Encolar | Spearman |
| 12:36 | Construir | Farm |
| 12:42 | Construir | Watch Tower |
| 12:51 | Construir | Farm |
| 12:51 | Encolar | Villager (Male) |
| 12:56 | Construir | House |
| 13:13 | Construir | Farm |
| 13:18 | Construir | Farm |
| 13:18 | Encolar | Villager (Male) |
| 13:29 | Construir | Palisade Wall |
| 13:30 | Construir | Palisade Wall |
| 13:31 | Construir | Palisade Wall |
| 13:33 | Construir | Palisade Wall |
| 13:34 | Construir | Palisade Wall |
| 13:34 | Encolar | Villager (Male) |
| 13:46 | Construir | Palisade Wall |
| 13:59 | Encolar | Spearman |
| 14:16 | Encolar | Villager (Male) |
| 14:20 | Construir | Farm |
| 14:22 | Construir | Farm |
| 14:25 | Construir | Watch Tower |
| 14:29 | Encolar | Spearman |
| 14:34 | Encolar | Villager (Male) |
| 14:36 | Construir | Farm |
| 14:50 | Construir | Palisade Wall |
| 15:03 | Encolar | Villager (Male) |
| 15:05 | Encolar | Spearman |
| 15:15 | Construir | Palisade Wall |
| 15:23 | Construir | Farm |
| 15:34 | Encolar | Villager (Male) |
| 15:44 | Construir | Blacksmith |
| 15:52 | Encolar | Villager (Male) |
| 16:00 | Construir | Watch Tower |
| 16:08 | Encolar | Villager (Male) |
| 16:26 | Construir | House |
| 16:30 | Construir | Settlement |
| 16:31 | Encolar | Villager (Male) |
| 16:46 | Encolar | Villager (Male) |
| 16:54 | Investigar | Scale Mail Armor |
| 17:13 | Construir | Watch Tower |
| 17:25 | Encolar | Villager (Male) |
| 17:58 | Encolar | Villager (Male) |
| 18:05 | Construir | Farm |
| 18:24 | Construir | Farm |
| 18:25 | Construir | Farm |
| 18:27 | Encolar | Villager (Male) |
| 18:31 | Construir | Settlement |
| 18:45 | Construir | Farm |
| 18:47 | Construir | Farm |
| 18:53 | Investigar | Castle Age |
| 18:53 | Investigar | Castle Age |
| 19:02 | Construir | Palisade Wall |
| 19:03 | Construir | Palisade Wall |
| 19:04 | Construir | Palisade Wall |
| 19:04 | Construir | Palisade Wall |
| 19:04 | Construir | Palisade Wall |
| 19:22 | Encolar | Spearman |
| 19:27 | Construir | Palisade Wall |
| 19:28 | Construir | House |
| 19:29 | Construir | Palisade Wall |
| 19:31 | Encolar | Unit 2550 |
| 19:34 | Construir | Barracks |
| 19:49 | Construir | House |
| 19:55 | Encolar | Villager (Male) |
| 20:08 | Construir | Palisade Wall |
| 20:10 | Construir | Palisade Wall |
| 20:12 | Construir | Palisade Wall |
| 20:17 | Construir | Palisade Wall |
| 20:22 | Encolar | Unit 2550 |
| 20:27 | Construir | Farm |
| 20:28 | Construir | Farm |
| 20:34 | Encolar | Unit 2550 |
| 20:59 | Encolar | Unit 2550 |
| 21:21 | Construir | Farm |
| 21:21 | Construir | Farm |
| 21:24 | Construir | Farm |
| 21:38 | Investigar | Tech 1402 |
| 21:38 | Investigar | Tech 1402 |
| 21:38 | Edad | Edad de los Castillos |
| 21:40 | Construir | Siege Workshop |
| 21:44 | Investigar | Chain Mail Armor |
| 21:44 | Investigar | Chain Mail Armor |
| 21:46 | Encolar | Villager (Male) |
| 21:50 | Investigar | Squires |
| 21:57 | Construir | Farm |
Cronología de la partida
| 5:17 | VIT Liereyy · first_building Barracks |
| 7:15 | DS_Ciskhan · first_building Barracks |
| 8:32 | DS_Ciskhan · age_up feudal |
| 8:33 | DS_Ciskhan · first_building Stable |
| 8:51 | VIT Liereyy · age_up feudal |
| 8:52 | VIT Liereyy · first_building Archery Range |
| 9:08 | DS_Ciskhan · wall_segment Palisade Wall x1 |
| 9:27 | DS_Ciskhan · wall_segment Palisade Wall x1 |
| 9:31 | DS_Ciskhan · wall_segment Palisade Wall x4 |
| 9:32 | DS_Ciskhan · wall_segment Palisade Wall x1 |
| 9:46 | DS_Ciskhan · wall_segment Palisade Wall x1 |
| 9:46 | DS_Ciskhan · wall_segment Palisade Wall x1 |
| 9:47 | DS_Ciskhan · wall_segment Palisade Wall x1 |
| 9:53 | DS_Ciskhan · wall_segment Palisade Wall x14 |
| 11:00 | VIT Liereyy · wall_segment Palisade Wall x1 |
| 11:02 | DS_Ciskhan · wall_segment Palisade Wall x6 |
| 11:37 | VIT Liereyy · wall_segment Palisade Wall x1 |
| 11:38 | VIT Liereyy · wall_segment Palisade Wall x1 |
| 11:38 | VIT Liereyy · wall_segment Palisade Wall x1 |
| 11:39 | VIT Liereyy · wall_segment Palisade Wall x1 |
| 11:43 | DS_Ciskhan · wall_segment Palisade Wall x6 |
| 12:07 | VIT Liereyy · wall_segment Palisade Wall x1 |
| 12:08 | VIT Liereyy · wall_segment Palisade Wall x1 |
| 12:08 | DS_Ciskhan · wall_segment Palisade Wall x13 |
| 12:10 | VIT Liereyy · wall_segment Palisade Wall x1 |
| 12:14 | VIT Liereyy · wall_segment Palisade Wall x1 |
| 12:41 | DS_Ciskhan · wall_segment Palisade Wall x3 |
| 13:20 | DS_Ciskhan · wall_segment Palisade Wall x1 |
| 13:29 | VIT Liereyy · wall_segment Palisade Wall x2 |
| 13:30 | VIT Liereyy · wall_segment Palisade Wall x3 |
| 13:31 | VIT Liereyy · wall_segment Palisade Wall x1 |
| 13:33 | VIT Liereyy · wall_segment Palisade Wall x1 |
| 13:34 | VIT Liereyy · wall_segment Palisade Wall x1 |
| 13:46 | VIT Liereyy · wall_segment Palisade Wall x1 |
| 14:50 | VIT Liereyy · wall_segment Palisade Wall x1 |
| 15:15 | VIT Liereyy · wall_segment Palisade Wall x1 |
| 17:51 | DS_Ciskhan · wall_segment Stone Wall x10 |
| 19:02 | VIT Liereyy · wall_segment Palisade Wall x1 |
| 19:03 | VIT Liereyy · wall_segment Palisade Wall x1 |
| 19:04 | VIT Liereyy · wall_segment Palisade Wall x1 |
| 19:04 | VIT Liereyy · wall_segment Palisade Wall x1 |
| 19:04 | VIT Liereyy · wall_segment Palisade Wall x1 |
| 19:27 | VIT Liereyy · wall_segment Palisade Wall x1 |
| 19:29 | VIT Liereyy · wall_segment Palisade Wall x1 |
| 19:36 | DS_Ciskhan · first_building Archery Range |
| 20:08 | VIT Liereyy · wall_segment Palisade Wall x1 |
| 20:10 | VIT Liereyy · wall_segment Palisade Wall x1 |
| 20:11 | DS_Ciskhan · first_market_buy 100 food |
| 20:12 | VIT Liereyy · wall_segment Palisade Wall x1 |
| 20:12 | DS_Ciskhan · first_market_sell 500 wood |
| 20:17 | VIT Liereyy · wall_segment Palisade Wall x1 |
| 21:38 | VIT Liereyy · age_up castle |
| 21:40 | VIT Liereyy · first_building Siege Workshop |
| 22:07 | VIT Liereyy · wall_segment Palisade Wall x1 |
| 22:09 | VIT Liereyy · wall_segment Palisade Wall x1 |
| 22:42 | VIT Liereyy · first_building Monastery |
| 22:56 | DS_Ciskhan · age_up castle |
| 23:01 | DS_Ciskhan · first_building Castle |
| 23:04 | DS_Ciskhan · wall_segment Palisade Wall x1 |
| 23:06 | DS_Ciskhan · wall_segment Palisade Wall x1 |
| 23:08 | DS_Ciskhan · wall_segment Palisade Wall x1 |
| 23:09 | DS_Ciskhan · wall_segment Palisade Wall x1 |
| 23:12 | DS_Ciskhan · wall_segment Palisade Wall x1 |
| 23:21 | DS_Ciskhan · wall_segment Palisade Wall x1 |
| 23:29 | DS_Ciskhan · wall_segment Palisade Wall x1 |
| 23:43 | DS_Ciskhan · wall_segment Palisade Wall x1 |
| 23:45 | DS_Ciskhan · wall_segment Palisade Wall x1 |
| 23:46 | VIT Liereyy · wall_segment Palisade Wall x1 |
| 23:46 | DS_Ciskhan · wall_segment Palisade Wall x1 |
| 23:47 | DS_Ciskhan · wall_segment Palisade Wall x1 |
| 23:48 | DS_Ciskhan · wall_segment Palisade Wall x1 |
| 25:25 | VIT Liereyy · wall_segment Palisade Wall x1 |
| 25:27 | VIT Liereyy · wall_segment Palisade Wall x1 |
| 25:28 | VIT Liereyy · wall_segment Palisade Wall x1 |
| 25:46 | VIT Liereyy · wall_segment Palisade Wall x1 |
| 25:47 | VIT Liereyy · wall_segment Palisade Wall x1 |
| 26:41 | VIT Liereyy · wall_segment Palisade Wall x1 |
| 26:41 | VIT Liereyy · wall_segment Palisade Wall x1 |
| 26:42 | VIT Liereyy · wall_segment Palisade Wall x1 |
| 26:42 | VIT Liereyy · wall_segment Palisade Wall x1 |
| 26:43 | VIT Liereyy · wall_segment Palisade Wall x1 |
| 26:43 | VIT Liereyy · wall_segment Palisade Wall x1 |
| 26:43 | VIT Liereyy · wall_segment Palisade Wall x1 |
| 27:15 | VIT Liereyy · wall_segment Palisade Wall x1 |
| 28:59 | VIT Liereyy · resign |
[ ANÁLISIS IA · 1 CRÉDITO ]
¿Qué pasó realmente en esta partida?
Wolo.gg analiza cada decisión: build order, eco, micro, errores típicos por bracket. Análisis personalizado por WhatsApp o Discord en 30 segundos.
Guía civ
Wei
Perfil
Jugador #1136191